[Event "*** Titled Tuesday Blitz"]
[Site "Chess.com"]
[Date "2020.05.19"]
[Round "6"]
[White "Baby_Legs"]
[Black "Alexander_Zubov"]
[Result "0-1"]
[WhiteElo "2712"]
[BlackElo "2942"]
[TimeControl "180+1"]
[EndTime "13:09:06 PDT"]
[Termination "Alexander_Zubov won by resignation"]

1. Nf3 Nf6 2. e3 g6 3. d4 Bg7 4. c4 O-O 5. Be2 c5 6. d5 b5 7. cxb5 a6 8. O-O axb5 9. Bxb5 Qa5 10. a4 Ba6 11. Ra3 d6 12. Nc3 Nbd7 13. Bd2 Qb6 14. Bxa6 Rxa6 15. Rb3 Qc7 16. Qe2 Rfa8 17. e4 Ng4 18.
Nb5 Qc8 19. a5 Nge5 20. Nxe5 Nxe5 21. Na3 e6 22. dxe6 Qxe6 23. Rb7 Qc8 24. Rb5 Nc6 25. Bc3 Bxc3 26. bxc3 Nxa5 27. h4 h5 28. Rd1 Qe6 29.
Qf3 Nc6 30. Nc2 Ne5 31. Qg3 Ng4 32. Ne3 Qxe4 33. Nd5 Ra1 34. Qxg4 Qxg4 35. Nf6+ Kg7 36. Nxg4 Rxd1+ 37. Kh2 0-1

[Event "*** Titled Tuesday Blitz"]
[Site "Chess.com"]
[Date "2020.05.19"]
[Round "6"]
[White "MFguimaraes"]
[Black "Kislov_Oleg"]
[Result "0-1"]
[WhiteElo "2494"]
[BlackElo "2377"]
[TimeControl "180+1"]
[EndTime "13:09:07 PDT"]
[Termination "Kislov_Oleg won by resignation"]

1. e4 e6 2. d4 d5 3. Nd2 Nf6 4. e5 Nfd7 5. c3 c5 6. Bd3 Nc6 7. Ne2 cxd4 8. cxd4 f6 9. exf6 Nxf6 10. O-O Bd6 11.
Nf3 O-O 12. Bg5 Qc7 13. Bh4 Bd7 14. Rc1 Be8 15. Bg3 Bh5 16. Ne5 Rae8 17. f3 Qb6 18. Nd7 Nxd7 19. Bxd6 Rf6 20. Kh1 Nxd4 21. Bc7 Qb4 22.
Nxd4 e5 23. Nc2 Qxb2 24. Rb1 Qxa2 25. Rxb7 e4 26. Nb4 Qb2 27. Bxe4 dxe4 28. Qxd7 exf3 29. Qh3 fxg2+ 30. Qxg2 Bf3 31. Rxf3 Re1+ 32. Qg1 Rxg1+ 33. Kxg1 Rxf3 34. Rb8+ Kf7 35. Bg3 Qc1+ 0-1

[Event "*** Titled Tuesday Blitz"]
[Site "Chess.com"]
[Date "2020.05.19"]
[Round "6"]
[White "Kopytkin"]
[Black "Abdodi"]
[Result "0-1"]
[WhiteElo "2331"]
[BlackElo "2168"]
[TimeControl "180+1"]
[EndTime "13:09:07 PDT"]
[Termination "Abdodi won on time"]

1. e4 c5 2. d4 cxd4 3. c3 d5 4.
exd5 Qxd5 5. cxd4 Nc6 6. Nf3 Bg4 7. Be2 Nf6 8. Nc3 Qa5 9. O-O e6 10. h3 Bh5 11. a3 Be7 12. Be3 Rd8 13. b4 Qc7 14.
Rc1 Qb8 15. Qd2 O-O 16. Rfd1 Nd5 17. Ne4 Bg6 18. Nc5 Bf6 19. Bb5 Nce7 20. Qe2 a6 21.
Nd7 Rxd7 22. Bxd7 b5 23. Bc6 Nxe3 24. fxe3 Rc8 25. Bd7 Rd8 26. Bxb5 axb5 27. Rc5 Qa8 28. Ra1 Nd5 29. Kf2 Nxb4 30. Rxb5 Bd3 31. Rxb4 Bxe2 32.
Kxe2 Rb8 33. Rab1 Rxb4 34. Rxb4 Be7 35. Rb3 Bxa3 36. Nd2 g6 37. Kf2 Bc1 38. Nf3 Qa2+ 0-1

[Event "*** Titled Tuesday Blitz"]
[Site "Chess.com"]
[Date "2020.05.19"]
[Round "6"]
[White "Olga_Girya"]
[Black "ViktoriyaTarasova"]
[Result "0-1"]
[WhiteElo "2418"]
[BlackElo "2285"]
[TimeControl "180+1"]
[EndTime "13:09:08 PDT"]
[Termination "ViktoriyaTarasova won on time"]

1. d4 Nf6 2. c4 e6 3. Nf3 b6 4. g3 Ba6 5. b3 d5 6. cxd5 exd5 7. Bg2 Bd6 8. O-O O-O 9. Nc3 Nbd7 10.
Bb2 Re8 11. Re1 Bb7 12. Rc1 a6 13. e3 Qe7 14. Nh4 g6 15. Nf3 Ne4 16. Nd2 f5 17.
f3 Nxc3 18. Rxc3 Nf6 19. Rc2 h5 20. Nf1 Rad8 21. h4 Qf7 22. Bc3 Re7 23. Ree2 Rde8 24.
Be1 Qg7 25. Bf2 g5 26. hxg5 Qxg5 27. Qd2 Qg6 28. Qd3 Kf7 29. Bh3 Bc8 30. Rc6 Rg8 31. Kh1 h4 32. Be1 hxg3 33. Rxd6 cxd6 34. Nxg3 Rh8 35.
Rh2 Rc7 36. Qd2 f4 37. exf4 Rxh3 38. Rxh3 Bxh3 39. Qb4 Nd7 0-1

[Event "*** Titled Tuesday Blitz"]
[Site "Chess.com"]
[Date "2020.05.19"]
[Round "6"]
[White "Kolle05"]
[Black "AlanZhang"]
[Result "0-1"]
[WhiteElo "2383"]
[BlackElo "2226"]
[TimeControl "180+1"]
[EndTime "13:09:08 PDT"]
[Termination "AlanZhang won on time"]

1. e4 e5 2. Nf3 Nc6 3. Nc3 Nf6 4. d4 exd4 5. Nxd4 Bb4 6. Nxc6 bxc6 7. Bd3 d5 8. exd5 cxd5 9. O-O O-O 10. Bg5 c6 11. Na4 Be6 12. c3 Be7 13. Bc2 h6 14. Bh4 Re8 15. f3 Nd7 16. Bf2 Nf8 17. Re1 Qc7 18.
Nc5 Bf6 19. Qd3 g6 20. Nxe6 Nxe6 21. c4 Bxb2 22. Rab1 Bg7 23. cxd5 cxd5 24. Ba4 Red8 25.
Rbc1 Qa5 26. Bc2 Rac8 27. Rxe6 fxe6 28. Qxg6 Qd2 29. Qxe6+ Kh8 30. Be3 Qe2 31. Qf5 Rxc2 32.
Qxc2 Qxe3+ 33. Kh1 d4 34. Rd1 d3 35. Qc7 Re8 0-1

[Event "*** Titled Tuesday Blitz"]
[Site "Chess.com"]
[Date "2020.05.19"]
[Round "6"]
[White "Man-Chuk"]
[Black "alertakobra"]
[Result "1-0"]
[WhiteElo "2732"]
[BlackElo "2302"]
[TimeControl "180+1"]
[EndTime "13:09:10 PDT"]
[Termination "Man-Chuk won on time"]

1. d4 Nf6 2. c4 e6 3. Nf3 d5 4.
Nc3 dxc4 5. e3 a6 6. a4 b6 7. Bxc4 Bb7 8. O-O Nbd7 9. e4 Bb4 10. d5 exd5 11. Nxd5 Nxd5 12. Bxd5 Bxd5 13. Qxd5 O-O 14.
Bg5 Be7 15. Rad1 Bxg5 16. Nxg5 Nf6 17. Qc6 Qe7 18. Rfe1 Rad8 19. Rc1 h6 20. Nf3 Rd7 21. e5 Nd5 22. Nd4 Nb4 23. Qe4 c5 24. Nf5 Qe6 25. Qg4 g5 26. Nxh6+ Kg7 27. Qxg5+ Qg6 28. Nf5+ Kh7 29.
Qh4+ Kg8 30. Re3 Rfd8 31. Qxd8+ Rxd8 32. Ne7+ Kg7 33. Nxg6 Kxg6 34. h3 Kf5 35. a5 bxa5 36. Rxc5 Rd1+ 37. Kh2 a4 38. e6+ 1-0

[Event "*** Titled Tuesday Blitz"]
[Site "Chess.com"]
[Date "2020.05.19"]
[Round "6"]
[White "SaqoChess_Twitch"]
[Black "Chessialist"]
[Result "0-1"]
[WhiteElo "2394"]
[BlackElo "2561"]
[TimeControl "180+1"]
[EndTime "13:09:10 PDT"]
[Termination "Chessialist won by resignation"]

1. d4 Nf6 2. c4 e6 3. Nc3 d5 4. Bg5 Be7 5. e3 O-O 6. Nf3 h6 7. Bh4 Ne4 8. Bxe7 Qxe7 9. cxd5 Nxc3 10. bxc3 exd5 11. Bd3 c5 12. O-O Nc6 13. Qd2 Bg4 14. Be2 Rfd8 15. Rab1 b6 16. h3 Bf5 17. Bd3 Be4 18.
Qe2 Rac8 19. Nd2 Bxd3 20. Qxd3 Na5 21. Rbc1 Re8 22. Rfe1 Nb7 23. Qf5 Qe6 24. Qxe6 fxe6 25.
e4 Nd6 26. e5 Nb5 27. a4 Nc7 28. f4 Na6 29. g4 cxd4 30. cxd4 Nb4 31. Rf1 g6 32.
Rxc8 Rxc8 33. Nf3 Rc3 34. Kg2 Nc2 35. Kf2 Rc4 36. Rc1 Kf7 37. Nd2 Rc6 38. Nb3 Nxd4 39.
Rb1 Nxb3 40. Rxb3 Rc4 41. a5 Rxf4+ 42. Kg3 Re4 43. axb6 axb6 44. Rf3+ Ke7 45. Rf6 g5 46. Rxh6 Rxe5 47. Rh7+ Kd6 48. Rg7 d4 49. h4 gxh4+ 50.
Kxh4 d3 51. Rg8 Rd5 52. Rd8+ Ke7 53. Ra8 d2 54. Ra7+ Kd6 55. Ra1 d1=Q 56. Rxd1 Rxd1 57. Kg5 Rg1 0-1

[Event "*** Titled Tuesday Blitz"]
[Site "Chess.com"]
[Date "2020.05.19"]
[Round "6"]
[White "Manukyan_Artak"]
[Black "LostaBet95"]
[Result "0-1"]
[WhiteElo "2318"]
[BlackElo "2561"]
[TimeControl "180+1"]
[EndTime "13:09:11 PDT"]
[Termination "LostaBet95 won by resignation"]

1. e4 e5 2. Nf3 Nc6 3. d4 exd4 4. Nxd4 Nf6 5. Nxc6 bxc6 6. Bd3 d5 7. e5 Ng4 8. O-O Bc5 9. Bf4 g5 10. Bg3 h5 11. b4 Bb6 12. h3 h4 13. Bh2 Nxh2 14.
Kxh2 Bd4 15. c3 Bxe5+ 16. Kh1 Qf6 17. Qe2 Be6 18. Re1 Bd6 19. Nd2 Kd7 20. Nf3 g4 21. Ne5+ Qxe5 22. Qxe5 Bxe5 23. Rxe5 gxh3 24. gxh3 Bxh3 25.
Rg1 Be6 26. f4 Kd6 27. Reg5 f6 28. Rg7 Rag8 29. f5 Rxg7 30. Rxg7 Bd7 31. Kh2 h3 32. Rf7 Rh6 33. a4 Be8 34. Rg7 Bh5 35. b5 c5 36.
c4 d4 37. a5 Bf3 38. Rg3 Bg2 39. Rg6 Rxg6 40. fxg6 Ke7 41. Bf5 Kf8 42. Kg3 Kg7 43. Kh2 Bf1 0-1

[Event "*** Titled Tuesday Blitz"]
[Site "Chess.com"]
[Date "2020.05.19"]
[Round "6"]
[White "antoszu"]
[Black "SameerMujumdar"]
[Result "0-1"]
[WhiteElo "2535"]
[BlackElo "2288"]
[TimeControl "180+1"]
[EndTime "13:09:11 PDT"]
[Termination "SameerMujumdar won by resignation"]

1. d4 Nf6 2. c4 g6 3. Nc3 Bg7 4.
e4 d6 5. Be2 O-O 6. Bg5 Na6 7.
Qd2 Qe8 8. Nf3 e5 9. d5 Nc5 10. Qc2 a5 11. O-O h6 12. Be3 b6 13. Nd2 Ng4 14. Bxg4 Bxg4 15. f3 Bd7 16. b3 f5 17. a3 h5 18. b4 Nb7 19. Nb3 Kh7 20.
Qd2 f4 21. Bf2 g5 22. c5 a4 23. c6 axb3 24. cxd7 Qxd7 25. Qb2 g4 26. Bh4 Bf6 27. Bxf6 Rxf6 28. Qxb3 Rg8 29. Ne2 Rfg6 30. Rf2 Nd8 31. Rc1 h4 32. fxg4 Rxg4 33. h3 R4g7 34. Qf3 Kh6 35. Nxf4 exf4 36. Qxf4+ Kh5 37. Qf3+ Kh6 38. Qf4+ Kh5 39. Qf3+ Kh6 40. Qf6+ Rg6 41. Qxh4+ Kg7 42. Rcf1 Rh8 43. Qf4 Qxh3 44. Qf7+ Nxf7 45. Rxf7+ Kh6 0-1

[Event "*** Titled Tuesday Blitz"]
[Site "Chess.com"]
[Date "2020.05.19"]
[Round "6"]
[White "Nathan_Filgueiras"]
[Black "MisiekZielony"]
[Result "1-0"]
[WhiteElo "2328"]
[BlackElo "2112"]
[TimeControl "180+1"]
[EndTime "13:09:11 PDT"]
[Termination "Nathan_Filgueiras won on time"]

1. e4 Nf6 2. e5 Nd5 3. d4 d6 4. c4 Nb6 5. exd6 exd6 6. Bd3 Be7 7. h3 O-O 8. Nf3 Nc6 9. O-O Bf6 10. Be3 Nb4 11.
Nc3 Nxd3 12. Qxd3 d5 13. c5 Nc4 14. Bc1 b6 15. b3 Na5 16. Bb2 g6 17. Rfe1 Bf5 18.
Qd2 c6 19. Rad1 Qd7 20. Ne2 Rfe8 21. Ng3 Be4 22. Ng5 Bf5 23. Nf3 Nb7 24. b4 Re6 25. Nxf5 gxf5 26. Ne5 Bxe5 27. Rxe5 Rxe5 28. dxe5 Qe6 29.
Bd4 b5 30. Kh2 1-0

[Event "*** Titled Tuesday Blitz"]
[Site "Chess.com"]
[Date "2020.05.19"]
[Round "6"]
[White "GMartin_Petrov"]
[Black "santosalberto1987"]
[Result "0-1"]
[WhiteElo "2601"]
[BlackElo "2485"]
[TimeControl "180+1"]
[EndTime "13:09:12 PDT"]
[Termination "santosalberto1987 won by resignation"]

1. e4 e6 2. d4 d5 3. Nc3 Nf6 4. e5 Nfd7 5. f4 c5 6. Nf3 Nc6 7. Be3 Qb6 8. Qd2 Qxb2 9. Rb1 Qa3 10. Bb5 c4 11. f5 Bb4 12. Rxb4 Qxb4 13. O-O h6 14. fxe6 fxe6 15. Nh4 Nf8 16. a3 Qe7 17.
Qf2 Bd7 18. Na4 a6 19. Nc5 O-O-O 20. Nxa6 bxa6 21. Bxa6+ Kb8 22. Qd2 Ka7 23. Bb5 Rb8 24. Bxc6 Bxc6 25. Qa5+ Kb7 26. Rb1+ Kc8 27. Qa6+ Bb7 28.
Qa7 Qc7 29. Nf3 Nd7 30. Bd2 Bc6 31. Qa6+ Bb7 32. Qa7 Qc6 33. Ba5 Qa6 34. Rxb7 Qxb7 35.
Qxb7+ Rxb7 36. Nh4 Rb1+ 37. Kf2 Rb2 38. Ke2 Rxc2+ 39.
Ke3 Ra2 40. Ng6 Re8 41. Kf4 Rxa3 42. Bb4 Rb3 43. Bd6 c3 44. Ke3 Rb2 45. Kd3 Rxg2 46. Kxc3 Rxg6 0-1

[Event "*** Titled Tuesday Blitz"]
[Site "Chess.com"]
[Date "2020.05.19"]
[Round "6"]
[White "UmutErdemGunduz"]
[Black "ChessQueen"]
[Result "0-1"]
[WhiteElo "2460"]
[BlackElo "2608"]
[TimeControl "180+1"]
[EndTime "13:09:12 PDT"]
[Termination "ChessQueen won on time"]

1. e4 c6 2. d4 d5 3. Nc3 dxe4 4. Nxe4 Nf6 5. Nxf6+ exf6 6. c3 Bd6 7. Bd3 O-O 8. Qc2 Re8+ 9. Ne2 h5 10. h3 Nd7 11.
O-O h4 12. Bf4 Nf8 13. Bxd6 Qxd6 14. c4 Be6 15. Rad1 Rad8 16. Rfe1 Bc8 17. Nc3 Ne6 18. d5 Nf4 19. Bf5 Bxf5 20. Qxf5 Re5 21. Rxe5 Qxe5 22. Qxe5 fxe5 23. dxc6 Rxd1+ 24. Nxd1 bxc6 25. Ne3 Nd3 26. b3 g6 27. Nc2 a5 28. a3 c5 29. Kf1 f5 30. Ke2 Nc1+ 31. Kd2 Nxb3+ 32. Kc3 Nd4 33. Ne3 Kf7 34. Nd5 Ke6 35. f3 Kd6 36. Kd3 Ne6 37.
Kc3 e4 38. f4 g5 39. fxg5 Nxg5 40. Kd2 Ke5 41. Ke3 Ne6 42. Ne7 f4+ 43. Kf2 e3+ 44.
Ke1 Ke4 45. Nc6 Nd4 46. Nxa5 Kd3 47. Nb7 Nc2+ 0-1

[Event "*** Titled Tuesday Blitz"]
[Site "Chess.com"]
[Date "2020.05.19"]
[Round "6"]
[White "HouseOfDurin"]
[Black "aaronmaster123"]
[Result "0-1"]
[WhiteElo "1981"]
[BlackElo "2251"]
[TimeControl "180+1"]
[EndTime "13:09:12 PDT"]
[Termination "aaronmaster123 won on time"]

1. d4 Nf6 2. Bg5 e6 3. e4 h6 4. Bxf6 Qxf6 5. e5 Qe7 6. c3 d6 7. f4 dxe5 8. dxe5 g5 9. Nf3 Bg7 10. Qd2 g4 11. Nd4 Bd7 12. Be2 h5 13. Na3 Nc6 14.
Nab5 Nxd4 15. Nxc7+ Kd8 16. Nxa8 Nxe2 17. Qxe2 Kc8 18.
O-O-O Kb8 19. Qd3 Bc6 20. Rd2 Kxa8 21. Rhd1 Kb8 22. b4 a6 23. a3 Kc7 24. Kb2 h4 25.
Qc4 h3 26. g3 f6 27. Rd6 fxe5 28. Rxc6+ bxc6 29. Qxa6 Rb8 30. Qa5+ Rb6 31. fxe5 Qg5 32. Qa7+ Rb7 33. Rd7+ Kxd7 34. Qxb7+ Kd8 35. Qb8+ Ke7 36. Qd6+ Kf7 0-1

[Event "*** Titled Tuesday Blitz"]
[Site "Chess.com"]
[Date "2020.05.19"]
[Round "6"]
[White "VerdeNotte"]
[Black "Firouzja2003"]
[Result "0-1"]
[WhiteElo "2830"]
[BlackElo "3177"]
[TimeControl "180+1"]
[EndTime "13:09:13 PDT"]
[Termination "Firouzja2003 won by resignation"]

1. e4 c5 2. Nc3 d6 3. f4 g6 4. Nf3 Bg7 5. Bb5+ Bd7 6. Bc4 Nc6 7. d3 a6 8. a3 b5 9. Ba2 e6 10. f5 Nf6 11. fxe6 fxe6 12. Bf4 Qe7 13. e5 dxe5 14. Nxe5 Nh5 15. Nxd7 Nxf4 16. Qf3 Kxd7 17. Qxf4 Raf8 18. Qd2 h5 19. Ne4 Nd4 20. c3 Qh4+ 21. Ng3 Bh6 22. Qxh6 Nc2+ 23. Kd1 Rxh6 24. Kxc2 Rf2+ 25. Kb1 Rxg2 26.
Ne4 c4 27. Rd1 Ke7 28. Kc1 Qxh2 29. Nd2 cxd3 30. Bb1 Rh8 31. a4 b4 32. Bxd3 bxc3 33.
bxc3 Rd8 34. Nf3 Qf4+ 0-1

[Event "*** Titled Tuesday Blitz"]
[Site "Chess.com"]
[Date "2020.05.19"]
[Round "6"]
[White "Baby_Shak"]
[Black "kuli4ik"]
[Result "1-0"]
[WhiteElo "2623"]
[BlackElo "2774"]
[TimeControl "180+1"]
[EndTime "13:09:13 PDT"]
[Termination "Baby_Shak won by checkmate"]

1. d4 d5 2. Bf4 Nf6 3. e3 c5 4. Nd2 Bg4 5. f3 Bd7 6. c3 Nc6 7. Bd3 Qb6 8. Rb1 g6 9. Ne2 Bg7 10. O-O O-O 11. Kh1 Rfe8 12. Be5 Be6 13. Nf4 Nxe5 14.
dxe5 Nd7 15. Nxe6 fxe6 16. f4 c4 17. Bc2 Qxe3 18. Nxc4 Qc5 19. Nd2 Rf8 20. Qg4 Qb6 21.
Nf3 Rf7 22. Ng5 Nf8 23. Nxf7 Kxf7 24. Bb3 a5 25. Ba4 Qc5 26. Rbd1 Qc4 27. Bb3 Qb5 28. Rf2 Kg8 29. Qe2 Qb6 30. Ba4 Qc5 31. Rd4 Rb8 32. Qb5 Qc7 33. c4 g5 34. cxd5 gxf4 35.
d6 exd6 36. exd6 Qc1+ 37. Rf1 Qe3 38. Rdxf4 Ng6 39. R4f3 Qd4 40. Rd1 Qg4 41. d7 Rd8 42.
Qb6 Qg5 43. Qxe6+ Kh8 44. Qe8+ Nf8 45. Rdf1 h5 46. Rxf8+ Kh7 47. Bc2+ Kh6 48. Qe6+ Bf6 49. R1xf6+ Kg7 50. Qf7# 1-0

[Event "*** Titled Tuesday Blitz"]
[Site "Chess.com"]
[Date "2020.05.19"]
[Round "6"]
[White "Sergey85Rodchenkov"]
[Black "praveenb2002"]
[Result "0-1"]
[WhiteElo "2513"]
[BlackElo "2722"]
[TimeControl "180+1"]
[EndTime "13:09:13 PDT"]
[Termination "praveenb2002 won by resignation"]

1. e4 e5 2. Nf3 Nc6 3. Bc4 Nf6 4. d3 Be7 5. O-O O-O 6. Re1 d6 7. c3 Na5 8. Bb5 a6 9. Ba4 b5 10. Bc2 c5 11. Nbd2 Nc6 12. a4 Be6 13. Ng5 Bg4 14. Ngf3 h6 15. Nf1 Be6 16. Ng3 Qd7 17. h3 Rfe8 18.
d4 cxd4 19. cxd4 exd4 20. axb5 axb5 21. Rxa8 Rxa8 22. Nxd4 Nxd4 23. Qxd4 Qc7 24. Bd3 Qc5 25. Qxc5 dxc5 26. Bxb5 c4 27. e5 Nd7 28. Bd2 Nc5 29. Bc3 Nd3 30. Rd1 Rb8 31. Bc6 Nxb2 32. Rb1 Rb3 33.
Ne4 Nd3 34. Rd1 Bf5 35. Bd4 Be6 36. Nd6 f6 37. Ba4 Rb4 38. Bc2 Nxe5 39. Bc3 Rb6 40. Nf5 Bc5 41. Rd8+ Kf7 42. g4 Ra6 43. Kg2 Ng6 44. Rb8 Nf4+ 45. Kf3 Nxh3 46. Rb7+ Kf8 47. Nxg7 Bd5+ 48. Kg3 Bxb7 49. Kxh3 Kxg7 0-1

[Event "*** Titled Tuesday Blitz"]
[Site "Chess.com"]
[Date "2020.05.19"]
[Round "6"]
[White "Twitch_ElhamBlitz05"]
[Black "TST2014"]
[Result "1-0"]
[WhiteElo "2764"]
[BlackElo "2575"]
[TimeControl "180+1"]
[EndTime "13:09:14 PDT"]
[Termination "Twitch_ElhamBlitz05 won on time"]

1. e4 c5 2. Ne2 Nc6 3. Nbc3 d6 4. d4 cxd4 5. Nxd4 Nf6 6. f3 e5 7. Nb3 Be7 8. Be3 O-O 9. Qd2 a5 10. Bb5 Be6 11. O-O-O Qb8 12. Kb1 Rd8 13. Bb6 Rd7 14. a4 d5 15. exd5 Nxd5 16. Nxd5 Rxd5 17. Qe2 Bf6 18. Nc5 Rxd1+ 19. Rxd1 Nd4 20. Rxd4 exd4 21. Nxe6 fxe6 22. Qxe6+ Kh8 23. Bd3 Qxh2 24. Qe4 Qh4 25. g4 g6 26. Bxd4 Rd8 27. Qe7 Qe1+ 28. Qxe1 Rxd4 29. Qe6 Kg7 30. b3 Rd8 31. f4 Rf8 32. g5 Bc3 33. Qe4 1-0

[Event "*** Titled Tuesday Blitz"]
[Site "Chess.com"]
[Date "2020.05.19"]
[Round "6"]
[White "Gajuchess"]
[Black "themind1hunter"]
[Result "1-0"]
[WhiteElo "2735"]
[BlackElo "2393"]
[TimeControl "180+1"]
[EndTime "13:09:14 PDT"]
[Termination "Gajuchess won by resignation"]

1. d4 d5 2. Nf3 Nf6 3. Bf4 c5 4. e3 Nc6 5. Nbd2 e6 6. c3 Bd6 7. Bg3 O-O 8. Bd3 b6 9. Qe2 Bb7 10. Rd1 Qc7 11. e4 dxe4 12. Nxe4 Nxe4 13. Qxe4 g6 14. dxc5 bxc5 15. Qh4 Ne5 16. Be2 Bxf3 17. gxf3 Rad8 18. O-O f6 19. Rfe1 Kg7 20. Qe4 Rfe8 21.
Bb5 Re7 22. Kg2 Nf7 23. Bc4 Bxg3 24. Rxd8 Qxd8 25. hxg3 Nd6 26. Qd3 Qb6 27. Rxe6 Rxe6 28. Bxe6 c4 29. Qd5 Kf8 30. b3 Ke7 31. Bg8 cxb3 32.
Qe6+ Kd8 33. Qxf6+ Kc7 34. axb3 Nb5 35. Qe7+ Kb8 36.
Qe8+ Kc7 37. Bd5 Nxc3 38. Qe5+ 1-0

[Event "*** Titled Tuesday Blitz"]
[Site "Chess.com"]
[Date "2020.05.19"]
[Round "6"]
[White "RobertoJBM"]
[Black "AlexTruskavetsky"]
[Result "0-1"]
[WhiteElo "2619"]
[BlackElo "2451"]
[TimeControl "180+1"]
[EndTime "13:09:14 PDT"]
[Termination "AlexTruskavetsky won by resignation"]

1. d4 g6 2. e4 Bg7 3. Nc3 d6 4. Be3 a6 5. h4 h5 6. Qd2 b5 7. f3 Nf6 8. a4 b4 9. Nd1 Nbd7 10.
Qxb4 O-O 11. Qd2 Rb8 12. b3 c5 13. Ne2 Qc7 14. Rc1 cxd4 15. Nxd4 Nc5 16. Bh6 Ncxe4 17. fxe4 Nxe4 18. Qe3 Bxh6 19. Qxh6 e5 20. Nf3 Qa5+ 21.
c3 Qc5 22. b4 Qd5 23. Qe3 Ng3 24. Rg1 Bg4 25. Nd2 Nf5 26. Qe4 Qa2 27. a5 Rfe8 28.
Bc4 Qa4 29. Qc2 Qd7 30. Qd3 e4 31. Qd5 e3 32. Nf1 e2 33. Nf2 exf1=Q+ 34. Kd2 Qxf2+ 0-1

[Event "*** Titled Tuesday Blitz"]
[Site "Chess.com"]
[Date "2020.05.19"]
[Round "6"]
[White "VolodymyrMolyboha"]
[Black "katchesskat"]
[Result "1-0"]
[WhiteElo "2412"]
[BlackElo "2235"]
[TimeControl "180+1"]
[EndTime "13:09:14 PDT"]
[Termination "VolodymyrMolyboha won on time"]

1. e4 c5 2. Nf3 e6 3. c3 a6 4. d4 cxd4 5. cxd4 b5 6. Bd3 Bb7 7. O-O Nf6 8. Re1 d5 9. e5 Nfd7 10. Nbd2 Nb6 11. b3 Bb4 12. Bb2 N8d7 13. a3 Bxd2 14.
Qxd2 Nf8 15. Rac1 Ng6 16. Bc3 O-O 17. Ba5 Rb8 18. Rc5 Ba8 19. Rec1 Ne7 20. Rc7 Qe8 21. Qc3 Nd7 22. Qb4 Nc8 23. h3 h6 24. Qd2 Ncb6 25. Bb1 Qd8 26. Qd3 g6 27. Qd2 Kg7 28. h4 Rb7 29. R7c3 h5 30. Qf4 f6 31. Qg3 Qe8 32. Rc7 Rxc7 33. Rxc7 Rf7 34. Qxg6+ Kh8 35. exf6 Qg8 36. Qxh5+ Rh7 37. Bxh7 Qxh7 38. Qxh7+ Kxh7 39. Bxb6 Kg6 40. Rxd7 Kxf6 41. Kf1 1-0

[Event "*** Titled Tuesday Blitz"]
[Site "Chess.com"]
[Date "2020.05.19"]
[Round "6"]
[White "CuattroPrincesses"]
[Black "mamonika"]
[Result "1-0"]
[WhiteElo "2250"]
[BlackElo "1969"]
[TimeControl "180+1"]
[EndTime "13:09:14 PDT"]
[Termination "CuattroPrincesses won on time"]

1. e4 c5 2. Nf3 e6 3. d4 cxd4 4. Nxd4 Nf6 5. Nc3 d6 6. f3 Nc6 7. Be3 Be7 8. Qd2 O-O 9. O-O-O Qa5 10. Kb1 Re8 11. Nxc6 bxc6 12. Nd5 Qxd2 13. Nxe7+ Rxe7 14. Rxd2 d5 15. Bc5 Rb7 16. e5 Nd7 17. Bd6 c5 18. c4 d4 19. Bd3 a5 20. Be4 Rba7 21. Bc6 Ra6 22. Bxd7 Bxd7 23. Bxc5 Rc6 24. Bxd4 Rxc4 25. Bc3 Be8 26. Rhd1 Kf8 27. Rd8 Rxd8 28. Rxd8 Ke7 29. Ra8 a4 30. a3 Rc7 31. Bb4+ Kd7 32. Rxa4 f6 33. Ra5 fxe5 34. Rxe5 Bg6+ 35. Ka2 Bd3 36. a4 Bc4+ 37. Ka3 Bd5 38. Re2 Bc4 39. Rd2+ Ke8 40. Bc3 Kf7 41. a5 Ra7 42. Rd6 Bd5 43. Kb4 Ke7 44.
Rb6 1-0

[Event "*** Titled Tuesday Blitz"]
[Site "Chess.com"]
[Date "2020.05.19"]
[Round "6"]
[White "OK97"]
[Black "Aikiigm"]
[Result "0-1"]
[WhiteElo "2732"]
[BlackElo "2540"]
[TimeControl "180+1"]
[EndTime "13:09:15 PDT"]
[Termination "Aikiigm won on time"]

1. d4 e6 2. c4 b6 3. e4 Bb7 4. Bd3 Bb4+ 5. Kf1 Be7 6. Nc3 c5 7. d5 exd5 8. exd5 Nf6 9. Nf3 d6 10. g3 O-O 11. Kg2 a6 12. a4 Re8 13. Re1 Nbd7 14.
Bf4 Qc7 15. Nd2 Bf8 16. Nde4 Nxe4 17. Bxe4 Nf6 18. Bd3 h6 19. Qd2 Qd7 20. b3 Rad8 21. Kg1 Bc8 22. Bf1 Qg4 23. a5 bxa5 24. Rxa5 Rxe1 25.
Qxe1 Re8 26. Qd2 Qh5 27. Bg2 Ng4 28. h3 Ne5 29. g4 Qg6 30. Ra1 f5 31. g5 Kh7 32. Kh1 hxg5 33. Bxg5 Be7 34. Bxe7 Rxe7 35. Rg1 Qh6 36. Qxh6+ Kxh6 37. Ra1 Ng6 38. Kg1 Nf4 39.
Bf1 g5 40. Ra4 Kg6 41. b4 cxb4 42. Rxb4 Kf6 43. Rb6 Ke5 44. c5 dxc5 45. d6 Rd7 46. Rc6 Rd8 47. Na4 Bb7 48. Rxc5+ Kf6 49. Rc7 Bd5 50.
d7 Ne6 51. Nb6 Nxc7 0-1

[Event "*** Titled Tuesday Blitz"]
[Site "Chess.com"]
[Date "2020.05.19"]
[Round "6"]
[White "14Sokol88"]
[Black "EfM13"]
[Result "0-1"]
[WhiteElo "2407"]
[BlackElo "2280"]
[TimeControl "180+1"]
[EndTime "13:09:16 PDT"]
[Termination "EfM13 won on time"]

1. e4 g6 2. d4 Bg7 3. Nc3 d6 4. Nge2 Nf6 5. g3 O-O 6. Bg2 Nbd7 7. O-O e5 8. h3 c6 9. a4 a5 10. Be3 Qc7 11. g4 h5 12. g5 Nh7 13. f4 exf4 14. Bxf4 Re8 15. Qe1 Ndf8 16. Qg3 Rd8 17. Rad1 Ne6 18.
Be3 Qe7 19. h4 Bd7 20. Rd2 Re8 21. Kh1 Nc7 22. Bf4 Bf8 23. Qh2 Bg4 24. Bg3 Rad8 25.
Nf4 Bg7 26. Nd1 d5 27. e5 Ne6 28. Ne3 Nxf4 29. Nxg4 Nxg2 30. Nf6+ Bxf6 31. gxf6 Qe6 32. Rxg2 Kh8 33. Be1 c5 34. Bxa5 Ra8 35. Bb6 Qxb6 36.
Qf4 cxd4 37. Rxg6 fxg6 38. Qh6 Rg8 39. f7 Rgf8 40. Rf6 Qxb2 41. Qxg6 Qc1+ 42. Kh2 Qd2+ 43. Kh3 Qe3+ 44. Kh2 Qxe5+ 0-1

[Event "*** Titled Tuesday Blitz"]
[Site "Chess.com"]
[Date "2020.05.19"]
[Round "6"]
[White "DanielTitichoca"]
[Black "Roza_Idrisova"]
[Result "0-1"]
[WhiteElo "2326"]
[BlackElo "2153"]
[TimeControl "180+1"]
[EndTime "13:09:16 PDT"]
[Termination "Roza_Idrisova won by resignation"]

1. Nf3 d5 2. g3 Nf6 3. Bg2 Bf5 4. O-O e6 5. c4 c6 6. d3 Be7 7. Nc3 h6 8. cxd5 cxd5 9. Nd4 Bg6 10. e4 O-O 11. f4 Nc6 12. Nb3 dxe4 13. dxe4 Qb6+ 14. Kh1 Rfd8 15. Qe2 a5 16. Be3 Qb4 17. e5 Nd5 18. Nxd5 exd5 19. f5 Bh7 20. f6 Bf8 21. fxg7 Bxg7 22.
Rf4 Qe7 23. Qg4 Nxe5 24. Qe2 Nc4 25. Raf1 Bg6 26. R1f3 Re8 27. Rxc4 dxc4 28. Qxc4 a4 29. Nd4 Be4 30. Nf5 Qd7 31. Rf4 Bxf5 32. Bd5 Bg6 33.
Rg4 Kh7 34. Rxg6 fxg6 35. Bf4 Rad8 36. Bf3 Qd3 37. Qxd3 Rxd3 38. Bxb7 0-1

[Event "*** Titled Tuesday Blitz"]
[Site "Chess.com"]
[Date "2020.05.19"]
[Round "6"]
[White "j2806"]
[Black "DonBroca"]
[Result "1-0"]
[WhiteElo "2014"]
[BlackElo "2174"]
[TimeControl "180+1"]
[EndTime "13:09:16 PDT"]
[Termination "j2806 won on time"]

1. e4 c5 2. Nf3 d6 3. d4 cxd4 4. Nxd4 Nf6 5. Nc3 g6 6. Be3 Bg7 7. Qd2 Nc6 8. f3 O-O 9. Bc4 Bd7 10. O-O-O Rc8 11. Bb3 Ne5 12. g4 b5 13. h4 b4 14.
Nce2 Nc4 15. Bxc4 Rxc4 16. h5 Qa5 17. Kb1 Rfc8 18. hxg6 fxg6 19. g5 Nh5 20. Rdg1 e5 21. Nb3 Qc7 22. Rc1 a5 23. Qd1 Be6 24. c3 a4 25. Nd2 bxc3 26. Nxc3 Rb4 27. a3 Rbb8 28. Qxa4 Nf4 29. Nd5 Qb7 30. Rxc8+ Bxc8 31. Qc2 Nxd5 32. exd5 Bf5 33. Ne4 Qxd5 34. Rd1 Qe6 35. Qd2 Qb3 36. Qd5+ Qxd5 37. Rxd5 Bxe4+ 38. fxe4 Bf8 39. Rd3 Kf7 40.
b4 Ke6 41. Kc2 Rc8+ 42. Kb3 Be7 43. b5 Bd8 44. a4 Rb8 45. Kb4 1-0